 Dungeon Crawl Stone Soup version 0.28.0-53-g5a82cb258f (webtiles) character file.

Game seed: 2664322998695218031

18 Peloso the Skirmisher (level 2, 0/27 HPs)
             Began as a Minotaur Fighter on June 6, 2022.
             Succumbed to a kobold's poison
             ... on level 1 of the Dungeon.
             The game lasted 00:00:40 (108 turns).

Peloso the Skirmisher (Minotaur Fighter)             Turns: 108, Time: 00:00:41

Health: 0/27       AC:  7    Str: 20    XL:     2   Next: 48%
Magic:  1/1        EV:  9    Int:  5    God:
Gold:   0          SH:  4    Dex:  9    Spells: 1/1 levels left

rFire   . . .      SeeInvis .   a - +0 long sword
rCold   . . .      Faith    .   c - +0 buckler
rNeg    . . .      Spirit   .   b - +0 scale mail
rPois   .          Reflect  .   (helmet restricted)
rElec   .          Harm     .   (no cloak)
rCorr   .          Rampage  .   (no gloves)
Will    .....                   (no boots)
Stlth   ..........              (no amulet)
HPRegen 0.09/turn               (no ring)
MPRegen 0.07/turn               (no ring)

@: lethally poisoned (0 -> -7)
A: horns 2, retaliatory headbutt
a: no special abilities


You were on level 1 of the Dungeon.
You visited 1 branch of the dungeon, and saw 1 of its levels.

Inventory:

Hand Weapons
 a - a +0 long sword (weapon)
Armour
 b - a +0 scale mail (worn)
 c - a +0 buckler (worn)
Scrolls
 e - a scroll of identify {unknown}
Potions
 d - a potion of might


   Skills:
 + Level 4.1 Fighting
 + Level 2.4 Long Blades
 + Level 4.0 Armour
 + Level 3.9 Shields


You had one spell level left.
You didn't know any spells.
Your spell library was empty.

Dungeon Overview and Level Annotations

Branches:
Dungeon (1/15)

Altars:


Innate Abilities, Weirdness & Mutations

You have a pair of horns on your head.
You reflexively headbutt those who attack you in melee.


Message History

The kobold is severely wounded.
The kobold barely misses you. x2
You miss the kobold.
You headbutt the kobold, but do no damage.
The kobold is severely wounded.
The kobold hits you with a +0 short sword.
You closely miss the kobold.
The kobold is severely wounded.
The kobold hits you but does no damage.
You closely miss the kobold. Your headbutt misses the kobold.
The kobold is severely wounded.
The kobold hits you with a +0 short sword.
* * * LOW HITPOINT WARNING * * *
The kobold hits you with a +0 short sword.
* * * LOW HITPOINT WARNING * * *
You closely miss the kobold. You headbutt the kobold.
You kill the kobold!
Your Armour skill increases to level 4!
You slash the goblin!
You kill the goblin!
The hobgoblin barely misses you. You furiously retaliate!
You headbutt the hobgoblin!
You kill the hobgoblin!
The kobold hits you but does no damage.
You are lethally poisoned!
The giant cockroach bites you but does no damage.
Items here: $ )) ? ††.
You hit the kobold.
You kill the kobold!
* * * LOW HITPOINT WARNING * * *
You feel very sick.
The giant cockroach bites you but does no damage.
A rat comes into view.
The dart slug launches a dart at you. The slug dart misses you.
Okay, then.
Unknown command.
You hit the giant cockroach.
The giant cockroach is severely wounded.
You die...

#. #.......#
#.##.......# #
#...†......# #
#.#..#?......#
#.
#.#..#.#.......
#..
....#.#.#..###
w..##..#†#.#....
##..##.#.#.# .#.
##[...#@#.#.# #
#..)..B))...#
r.....w#..#.#
.#....##..#.#
##..# ...# # ##.
..#.# . .##.# .#
#. ... #. #. .#


You could see a dart slug, a giant cockroach and a rat.

Vanquished Creatures
  A dart slug (D:1)
  A ball python (D:1)
  A giant cockroach (D:1)
  A goblin (D:1)
  3 hobgoblins (D:1)
  2 jackals (D:1)
  3 kobolds (D:1)
  A frilled lizard (D:1)
13 creatures vanquished.

Notes
Turn   | Place    | Note
-------+----------+-------------------------------------------
     0 | D:1      | Peloso the Minotaur Fighter began the quest for the Orb.
     0 | D:1      | Reached XP level 1. HP: 19/19 MP: 0/0
    84 | D:1      | Reached XP level 2. HP: 16/27 MP: 1/1
   108 | D:1      | Succumbed to a kobold's poison

Illustrated notes

Levels and vault maps discovered:
D:1:      kennysheep_arrival_seaside, layout_basic, minmay_pentomino_w4

Skill      XL: |  1  2 |
---------------+-------+-----
Fighting       | 4 |  4.1
Armour         | 4 |  4.0
Long Blades    | |  2.4
Shields        | |  3.9

Action                   || total
-------------------------++-------
Melee: Long sword        ||    33
       Headbutt          ||     5
Armor: Scale mail        ||    25
Dodge: Dodged            ||    25
Block: Buckler           ||     7
